Cogmind - Beta 13 @@@ ROGUE MODE // 2024.04.03 @ 17:08:43 Player: satan5 Result: Destroyed by C-17 Slicer with Blade Saw Performance ------------- Evolutions (4) 2000 Regions Visited (11) 2200 Robots Destroyed (118) 590 Value Destroyed (4369) 4369 Prototype IDs (29) 580 Alien Tech Used (0) 0 Bonus (2096) 2096 TOTAL SCORE: 11835 Bonus ------- High Alert Combat Kills 651 Follower Combat Kills 2112 Network Hubs Disabled 400 Built Enhanced Grunts 300 Met R17 at Cetus 500 Friendly Fire -1867 Cogmind --------- Core Integrity 0/850 Matter 131/300 Energy 99/100 System Corruption 28% Temperature Cool (0) Movement Core (50) Location -6/Hub_04(d) Parts ------- > --- POWER (2) -------- (None) > --- PROPULSION (5) --- (None) > --- UTILITY (5) ------ Power Amplifier Advanced Sensor Array > --- WEAPON (3) ------- (None) > --- INVENTORY (5) ---- Improved Weapon Shielding Experimental Thermal Shield Wave Gun Advanced Variable Charge Gun Heavy Mace Peak State ------------ > --- POWER ------------ Cold Fusion Reactor Quantum Reactor > --- PROPULSION ------- Flexi-carbon Leg Flexi-carbon Leg Flexi-carbon Leg Flexi-carbon Leg Enhanced Flexi-carbon Leg > --- UTILITY ---------- Improved Cooling System Huge Storage Unit Improved Signal Interpreter Makeshift Transmission Jammer Centrium Medium Armor Plating > --- WEAPON ----------- Gatling Laser Gatling Laser Advanced KE Penetrator > --- INVENTORY -------- Cold Fusion Reactor Carbon-fiber Leg Carbon-fiber Leg Advanced Sensor Array Advanced Particle Charger Experimental Thermal Shield Improved Hacking Suite Wave Gun Wave Gun Advanced Variable Charge Gun Advanced Variable Charge Gun Heavy Plasma Cannon Neutron Cannon Advanced KE Penetrator Magnetic Acceleration Cannon Improved Proton Missile Launcher Heavy Mace Phasing Sabre [Rating: 90] Favorites ----------- Power Cold Fusion Reactor Engine Cooled Ion Engine Power Core Fission Core Reactor Cold Fusion Reactor Propulsion Aluminum Leg Treads Light Treads Leg Aluminum Leg Utility Large Storage Unit Device Makeshift Transmission Jammer Storage Large Storage Unit Processor Improved Signal Interpreter Hackware Hacking Suite Protection Centrium Medium Armor Plating Weapon Heavy Particle Gun Energy Gun Heavy Particle Gun Energy Cannon Heavy Plasma Cannon Ballistic Gun Light Assault Rifle Ballistic Cannon Magnetic Acceleration Cannon Launcher Heavy Missile Launcher Slashing Weapon Katana Build | -11 -10 -9 -9 -8 -8 -8 -6 -6 -6 -6 -6 ------- Run | Yrd Mat Mat Min Mat Sto Rec Fac Ext Cet Arc Hub Slots Evolved 8 | . . 2 . 2 . . 4 . . . . Power 1 | . . . . . . . 1 . . . . Propulsion 3 | . . 2 . . . . 1 . . . . Utility 3 | . . . . 2 . . 1 . . . . Weapon 1 | . . . . . . . 1 . . . . Parts Attached 151 | 6 1 9 5 4 34 3 7 32 18 1 31 Power 17 | 1 . 1 1 1 4 . 2 2 2 . 3 Engine 9 | 1 . . 1 1 2 . 1 2 . . 1 Core 4 | . . 1 . . 2 . . . 1 . . Reactor 4 | . . . . . . . 1 . 1 . 2 Propulsion 46 | 2 . 5 3 . 11 . 3 9 5 . 8 Treads 3 | . . . . . 3 . . . . . . Leg 43 | 2 . 5 3 . 8 . 3 9 5 . 8 Wheel . | . . . . . . . . . . . . Hover . | . . . . . . . . . . . . Flight . | . . . . . . . . . . . . Utility 48 | 1 1 1 . 3 4 3 1 15 6 1 12 Device 32 | . 1 . . 3 3 3 . 9 5 1 7 Storage 5 | 1 . 1 . . . . . 2 . . 1 Processor 4 | . . . . . 1 . 1 2 . . . Hackware 2 | . . . . . . . . 1 . . 1 Protection 5 | . . . . . . . . 1 1 . 3 Artifact . | . . . . . . . . . . . . Weapon 40 | 2 . 2 1 . 15 . 1 6 5 . 8 Energy Gun 21 | . . 1 1 . 12 . 1 3 3 . . Energy Cannon 3 | . . . . . 2 . . . . . 1 Ballistic Gun 7 | 2 . 1 . . . . . . 1 . 3 Ballistic Cannon 1 | . . . . . . . . . . . 1 Launcher 5 | . . . . . . . . 1 1 . 3 Special Weapon . | . . . . . . . . . . . . Impact Weapon . | . . . . . . . . . . . . Slashing Weapon 3 | . . . . . 1 . . 2 . . . Piercing Weapon . | . . . . . . . . . . . . Special Melee Weapon . | . . . . . . . . . . . . Unidentified Prototypes 15 | . . . . . 8 . 1 1 4 . 1 Corrupted Parts 1 | . . . . . . . . . . . 1 System Corruption 5 | . . . . . . . . . . . 5 Parts Lost 52 | . . 8 . 1 15 . . 2 1 . 25 Power 8 | . . 2 . . 2 . . . . . 4 Propulsion 23 | . . 3 . 1 8 . . 1 . . 10 Utility 11 | . . 1 . . 2 . . 1 . . 7 Weapon 10 | . . 2 . . 3 . . . 1 . 4 Highest Loss Streak 7 | . . 4 . 1 4 . . 2 1 . 7 To Critical Strikes 1 | . . . . . 1 . . . . . . Average Slot Usage (%) 92 | . 88 88 88 86 89 89 93 100 99 100 87 Engine 5 | . 14 6 11 9 7 9 10 6 . . . Reactor 4 | . . . . . . . 2 6 9 13 9 Treads 1 | . . . . . 8 . . . . . . Leg 28 | . 28 36 44 36 19 27 27 33 33 33 25 Device 17 | . 3 10 . 14 22 26 20 16 12 13 17 Storage 7 | . 14 11 11 9 9 9 6 6 6 6 5 Processor 3 | . . . . . 1 . 6 7 6 6 4 Hackware 1 | . . . . . . . . 1 6 6 . Energy Gun 16 | . . 4 22 18 15 18 20 19 19 20 12 Ballistic Gun 1 | . 28 16 . . . . . . . . 2 Naked Turns . | . . . . . . . . . . . . Heaviest Build 135 | 10 11 31 29 42 47 42 59 59 68 68 135 Greatest Support 108 | 20 20 43 43 43 60 30 60 80 95 95 108 Greatest Overweight (x) 12 | . . 1 . 1 12 1 1 1 . . 7 Average Overweight (x) . | . . . . . . 1 . . . . . Largest Inventory Capacity 25 | 8 8 15 15 15 15 15 15 15 15 15 25 Average Capacity 15 | 6 8 14 15 15 15 15 15 15 15 15 22 Most Carried 22 | 5 8 15 12 15 15 15 15 15 15 15 22 Average Carried 14 | 2 4 9 10 13 14 14 13 14 14 14 17 Final Capacity 15 | 8 8 15 15 15 15 15 15 15 15 15 5 Final Carried 15 | 2 7 13 11 15 15 15 15 15 15 15 5 Class Distribution -------------------- 48% | Scavenger-Skirmisher 17% | Scavenger-Mutant 15% | Commander-Mutant 13% | Mutant Dominant Class ---------------- Mutant | -10/Materials Mutant | -9/Materials Mutant | -9/Mines Mutant | -8/Materials Scavenger-Mutant | -8/Storage Commander-Mutant | -8/Recycling Scavenger-Skirmisher | -6/Factory Scavenger-Skirmisher | -6/Extension Scavenger-Skirmisher | -6/Cetus Scavenger-Skirmisher | -6/Archives Scavenger-Skirmisher | -6/Hub_04(d) Resources | -11 -10 -9 -9 -8 -8 -8 -6 -6 -6 -6 -6 ----------- Run | Yrd Mat Mat Min Mat Sto Rec Fac Ext Cet Arc Hub Matter Collected 2182 | 195 105 178 50 40 338 103 112 307 216 10 528 Remotely . | . . . . . . . . . . . . Salvage Created 6593 | . 146 464 . 203 1382 . 306 2251 311 202 1328 Parts 214 | . 6 21 . 5 46 . 11 63 11 8 43 Haulers Intercepted 13 | . 1 1 . . 4 . 1 6 . . . Recyclers Shooed 8 | . . . . . 1 1 . 6 . . . Parts Field Recycled . | . . . . . . . . . . . . Retrieved Matter . | . . . . . . . . . . . . Parts Self-Destructed . | . . . . . . . . . . . . Prevented . | . . . . . . . . . . . . Kills | -11 -10 -9 -9 -8 -8 -8 -6 -6 -6 -6 -6 ------- Run | Yrd Mat Mat Min Mat Sto Rec Fac Ext Cet Arc Hub Combat Hostiles Destroyed 71 | . 2 9 . 2 20 . 2 11 6 1 18 Guns 56 | . 2 9 . 2 19 . 2 10 5 . 7 Cannons 7 | . . . . . 1 . . . . . 6 AOE 2 | . . . . . . . . . . . 2 Classes Destroyed 17 | . 2 5 . 2 3 . . 2 . 1 2 Worker 4 | . . . . . 2 . . 1 . . 1 Builder 4 | . . . . . 1 . . 1 . . 2 Hauler 13 | . 1 1 . . 4 . 1 6 . . . Recycler 10 | . . . . 1 1 . . 8 . . . Mechanic 1 | . . . . . 1 . . . . . . Operator 6 | . . . . . . . . . . 5 1 Watcher 2 | . . 1 . . 1 . . . . . . Swarmer 7 | . . 1 . . . . . 4 2 . . Grunt 36 | . 2 5 . 2 13 . 4 1 3 . 6 Brawler 3 | . . 1 . . 1 . . . . . 1 Duelist 4 | . . 1 . . 1 . . . . . 2 Protector 1 | . . . . . . . . . . . 1 Sentry 15 | . . 1 . . 5 . . 4 . 1 4 Specialist 1 | . . . . . . . . . . . 1 Programmer 1 | . . . . . . . . 1 . . . Cetus Guard 1 | . . . . . . . . . 1 . . Enhanced Grunt 4 | . . . . . . . . . . . 4 Lightning 3 | . . . . . . . . . . . 3 Zionite 1 | . . . . 1 . . . . . . . Guerrilla 1 | . . . . . . . . 1 . . . Best Kill Streak 9 | . 2 4 . 2 6 . 1 9 2 2 4 Combat Bots Only 4 | . 2 4 . 2 4 . 1 4 2 1 4 Max Kills in Single Turn 4 | . 1 2 . 1 2 . 2 3 2 1 4 Gunslinging 1 | . . 1 . . . . . 1 1 . . Exploded 2 | . . . . . . . . . . . 2 Melee . | . . . . . . . . . . . . Uniques/NPCs Destroyed . | . . . . . . . . . . . . Combat | -11 -10 -9 -9 -8 -8 -8 -6 -6 -6 -6 -6 -------- Run | Yrd Mat Mat Min Mat Sto Rec Fac Ext Cet Arc Hub Hostile Shots Fired 754 | . 10 109 . 6 113 . 2 149 21 2 342 Missed 246 | . 3 29 . 2 32 . 1 59 10 . 110 Damage Taken 7760 | . 95 1055 . 78 1296 . 18 955 175 41 4047 Core 1278 | . 10 211 . 16 191 . . 105 7 . 738 Absorbed by Shields 218 | . . . . . . . . 121 97 . . Redirected to Shielding 102 | . . . . . . . . . . . 102 Ignored by Resistances 7 | . . . . . . . . . . 7 . Regen/Repaired (Parts) 75 | . . . . . 75 . . . . . . Core Remaining (%) 76 | 100 96 . 47 . . 62 . . . . . Volleys Fired 346 | . 15 43 . 13 103 1 6 66 17 21 61 Largest 3 | . 2 2 . 2 2 2 3 3 3 3 3 Hottest 240 | . 40 76 . 112 150 110 185 191 240 240 240 Shots Fired 840 | . 30 86 . 26 202 4 18 196 47 63 168 Gun 764 | . 30 86 . 26 183 4 18 194 46 63 114 Cannon 63 | . . . . . 19 . . . . . 44 Launcher 13 | . . . . . . . . 2 1 . 10 Special . | . . . . . . . . . . . . Kinetic 173 | . 30 72 . . . . . . . . 71 Thermal 654 | . . 14 . 26 202 4 18 194 46 63 87 Explosive 10 | . . . . . . . . 2 1 . 7 Electromagnetic 3 | . . . . . . . . . . . 3 Robot Hit Streak 19 | . 5 9 . 10 13 1 4 14 9 12 19 Robot Miss Streak 7 | . 2 4 . 2 3 2 3 5 5 5 7 Penetration Max . | . . . . . . . . . . . . Secondary Targets 15 | . . 3 . 1 2 . . 5 2 . 2 Max Gunslinging Chain 1 | . . 1 . 1 1 . . 1 1 . 1 Shots Hit Robots 575 | . 18 57 . 19 142 1 9 131 36 45 117 Core Hits 317 | . 9 24 . 10 55 1 10 60 32 33 83 Critical Kills 4 | . . . . . . . . . . . 4 Critical Parts Destroyed 6 | . 1 . . . . . . . . . 5 Critical Strikes 49 | . 1 . . 2 17 . 3 16 1 . 9 Burn 39 | . . . . 2 17 . 3 16 1 . . Meltdown 2 | . . . . . . . . . . . 2 Destroy 8 | . 1 . . . . . . . . . 7 Melee Attacks 2 | . . . . . 1 . . 1 . . . Impact . | . . . . . . . . . . . . Slashing 2 | . . . . . 1 . . 1 . . . Piercing . | . . . . . . . . . . . . Sneak Attacks . | . . . . . . . . . . . . Combat Hostiles . | . . . . . . . . . . . . Follow-up Attacks . | . . . . . . . . . . . . Damage Inflicted 13710 | . 150 636 . 290 2606 19 245 3049 1041 1195 4479 Guns 10638 | . 150 636 . 290 2192 19 245 2967 954 1195 1990 Cannons 1234 | . . . . . 325 . . . . . 909 Explosions 1838 | . . . . . 89 . . 82 87 . 1580 Melee . | . . . . . . . . . . . . Ramming . | . . . . . . . . . . . . Kinetic 1695 | . 150 520 . . . . . . . . 1025 Thermal 10177 | . . 116 . 290 2517 19 245 2967 954 1195 1874 Explosive 826 | . . . . . 89 . . 82 87 . 568 Electromagnetic 1012 | . . . . . . . . . . . 1012 Impact . | . . . . . . . . . . . . Slashing . | . . . . . . . . . . . . Piercing . | . . . . . . . . . . . . Highest Corruption 28 | . 1 . . . 13 13 . . . . 28 Average Corruption 11 | . 1 . . . 9 13 . . . . 12 Corruption Purged . | . . . . . . . . . . . . Corruption Blocked . | . . . . . . . . . . . . Effects 118 | . . . . . 42 40 . . . . 36 Message Errors 21 | . . . . . 12 4 . . . . 5 Matter Fused 30 | . . . . . 7 14 . . . . 9 Heat Flow Errors 12 | . . . . . 5 4 . . . . 3 Energy Discharges 12 | . . . . . 3 6 . . . . 3 Parts Rejected 3 | . . . . . . 1 . . . . 2 Data Loss (minor) 17 | . . . . . 6 7 . . . . 4 Data Loss (major) 3 | . . . . . 1 1 . . . . 1 Misfires 6 | . . . . . 1 2 . . . . 3 Alerts 4 | . . . . . 2 1 . . . . 1 Misdirections 2 | . . . . . 1 . . . . . 1 Weapon Failures 8 | . . . . . 4 . . . . . 4 Overload Shots . | . . . . . . . . . . . . Overflow Damage 45 | . . . . . 2 . . . 3 . 40 Projectiles . | . . . . . . . . . . . . Explosions 45 | . . . . . 2 . . . 3 . 40 Melee . | . . . . . . . . . . . . Knockbacks 3 | . . . . . . . . . . . 3 Impact . | . . . . . . . . . . . . Kinetic 3 | . . . . . . . . . . . 3 Secondary . | . . . . . . . . . . . . Self-Inflicted Damage 180 | . . . . . . . . . . . 180 Shots 5 | . . . . . . . . . . . 5 Rammed . | . . . . . . . . . . . . Targets Rammed . | . . . . . . . . . . . . Kicked . | . . . . . . . . . . . . Crushed . | . . . . . . . . . . . . Highest Temperature 447 | . 18 99 . 6 248 244 90 447 333 390 405 Average Temperature 86 | . 9 26 . 4 60 93 36 78 128 153 89 Received Heat Transfer 2004 | . 54 291 . 45 630 . 9 171 16 9 779 Effects 6 | . . . . . . . . 1 . 3 2 Shutdowns 2 | . . . . . . . . 1 . . 1 Energy Bleed 2 | . . . . . . . . . . 2 . Interference 2 | . . . . . . . . . . 1 1 Siege Activations . | . . . . . . . . . . . . Robots Corrupted 3 | . . . . . . . . . . . 3 Combat Hostiles . | . . . . . . . . . . . . Parts Fried 8 | . . . . . . . . 1 . . 7 Impact Corruptions . | . . . . . . . . . . . . Robots Melted 9 | . . . . . . . . 3 1 2 3 Combat Hostiles 6 | . . . . . . . . 1 1 1 3 Parts Melted 60 | . . . . 3 19 . 2 18 7 7 4 Heat Transferred 22890 | . . 296 . 888 6734 37 703 6660 1960 2369 3243 Parts Sabotaged . | . . . . . . . . . . . . Parts Stolen . | . . . . . . . . . . . . Parts Stripped . | . . . . . . . . . . . . Power Chain Reactions 1 | . . . . . . . . . . . 1 Alert | -11 -10 -9 -9 -8 -8 -8 -6 -6 -6 -6 -6 ------- Run | Yrd Mat Mat Min Mat Sto Rec Fac Ext Cet Arc Hub Peak Influence 927 | . 68 227 150 207 418 281 535 447 927 620 914 Initial 400 | . . 28 72 58 87 121 400 261 126 370 217 Average 334 | . 38 109 109 130 272 141 472 236 619 548 660 Maximum Alert Level 3 | . . 1 . 1 2 1 2 2 3 2 3 Low Security (%) 35 | 100 100 92 100 98 20 72 . 34 5 . . Level 1 33 | . . 7 . 1 65 27 . 62 23 2 10 Level 2 18 | . . . . . 13 . 100 3 13 97 38 Level 3 13 | . . . . . . . . . 56 . 51 Level 4 . | . . . . . . . . . . . . Level 5 . | . . . . . . . . . . . . High Security . | . . . . . . . . . . . . Max Security . | . . . . . . . . . . . . Squads Dispatched 18 | . . . . 1 2 . 1 1 3 . 10 Investigation 7 | . . . . 1 2 . . 1 3 . . Extermination . | . . . . . . . . . . . . Reinforcement 3 | . . . . . . . 1 . . . 2 Assault 4 | . . . . . . . . . . . 4 Garrison 4 | . . . . . . . . . . . 4 Intercept . | . . . . . . . . . . . . Searches Triggered . | . . . . . . . . . . . . Construction Impeded . | . . . . . . . . . . . . Haulers Reinforced 1 | . . . . . . . 1 . . . . Active Scanning Responses . | . . . . . . . . . . . . Cargo Convoy Interrupts . | . . . . . . . . . . . . Stealth | -11 -10 -9 -9 -8 -8 -8 -6 -6 -6 -6 -6 --------- Run | Yrd Mat Mat Min Mat Sto Rec Fac Ext Cet Arc Hub Distress Signals 8 | . 1 3 . 1 . . . 1 2 . . Communications Jammed 58 | . . . . 2 8 1 . 17 . . 30 Distress Signals 57 | . . . . 2 8 1 . 17 . . 29 Times Spotted 170 | . 3 20 1 12 26 3 2 27 26 12 38 Peak Tracking Total 11 | . 3 10 1 6 4 1 1 4 6 2 11 Tactical Retreats 5 | . . . . . 2 . . 1 . . 2 Traps | -11 -10 -9 -9 -8 -8 -8 -6 -6 -6 -6 -6 ------- Run | Yrd Mat Mat Min Mat Sto Rec Fac Ext Cet Arc Hub Traps Triggered 13 | . 1 . . . 1 . . 2 . . 9 Indirectly 6 | . . . . . . . . . . . 6 Trap Hack Attempts . | . . . . . . . . . . . . Triggered . | . . . . . . . . . . . . Disarmed . | . . . . . . . . . . . . Reprogrammed . | . . . . . . . . . . . . Reused . | . . . . . . . . . . . . Traps Extracted . | . . . . . . . . . . . . Installed . | . . . . . . . . . . . . Triggered . | . . . . . . . . . . . . Machines | -11 -10 -9 -9 -8 -8 -8 -6 -6 -6 -6 -6 ---------- Run | Yrd Mat Mat Min Mat Sto Rec Fac Ext Cet Arc Hub Machines Disabled 23 | . . . . . 4 . . 3 2 3 11 Max in Single Turn 9 | . . . . . 2 . . 2 . 1 9 Garrison Access 2 | . . . . . . . . . . . 2 Network Hub 2 | . . . . . . . . . . . 2 Machines Repaired . | . . . . . . . . . . . . Machines Dismantled . | . . . . . . . . . . . . Machines Sabotaged 1 | . . . . . 1 . . . . . . Overloaded Fab Kills . | . . . . . . . . . . . . Hacking | -11 -10 -9 -9 -8 -8 -8 -6 -6 -6 -6 -6 --------- Run | Yrd Mat Mat Min Mat Sto Rec Fac Ext Cet Arc Hub Machines Accessed 50 | . 3 1 . 1 11 13 . 16 3 1 1 Terminals 39 | . 3 . . 1 10 6 . 16 3 . . Fabricators . | . . . . . . . . . . . . Repair Stations 1 | . . . . . 1 . . . . . . Recycling Units 7 | . . . . . . 7 . . . . . Scanalyzers 1 | . . 1 . . . . . . . . . Garrison Access 1 | . . . . . . . . . . . 1 Total Hacks 126 | . 7 4 . 3 21 24 . 31 8 25 3 Successful 70 | . 2 2 . 1 8 14 . 15 2 25 1 Failed 56 | . 5 2 . 2 13 10 . 16 6 . 2 Catastrophic 18 | . 3 . . . 6 3 . 5 1 . . Database Lockouts . | . . . . . . . . . . . . Manual 32 | . 3 . . 2 6 14 . 4 2 1 . Terminals 85 | . 7 . . 3 19 17 . 31 8 . . Fabricators . | . . . . . . . . . . . . Repair Stations 2 | . . . . . 2 . . . . . . Recycling Units 7 | . . . . . . 7 . . . . . Scanalyzers 4 | . . 4 . . . . . . . . . Garrison Access 3 | . . . . . . . . . . . 3 Terminal Hacks 57 | . 2 . . 1 5 7 . 15 2 25 . Record 27 | . . . . . . . . . 2 25 . Part Schematic 2 | . . . . . 1 1 . . . . . Prototype ID Bank 8 | . 1 . . . 1 3 . 3 . . . Open Door 10 | . . . . . 1 . . 9 . . . Scanalyzer Index 1 | . . . . . . 1 . . . . . Alert Level 1 | . . . . . . 1 . . . . . Unreport Threat 3 | . . . . . . 1 . 2 . . . Hauler Manifests 2 | . . . . 1 . . . 1 . . . Zone Layout 3 | . 1 . . . 2 . . . . . . Fabricator Hacks . | . . . . . . . . . . . . Repair Station Hacks 2 | . . . . . 2 . . . . . . Scan Component 1 | . . . . . 1 . . . . . . Repair 1 | . . . . . 1 . . . . . . Recycling Unit Hacks . | . . . . . . . . . . . . Scanalyzer 2 | . . 2 . . . . . . . . . Insert Component 1 | . . 1 . . . . . . . . . Analyze 1 | . . 1 . . . . . . . . . Garrison Access Hacks 1 | . . . . . . . . . . . 1 Seal Access 1 | . . . . . . . . . . . 1 Unauthorized Hacks 8 | . . . . . 1 7 . . . . . Terminals 1 | . . . . . 1 . . . . . . Sabotage 1 | . . . . . 1 . . . . . . Fabricators . | . . . . . . . . . . . . Repair Stations . | . . . . . . . . . . . . Recycling Units 7 | . . . . . . 7 . . . . . Tunnel 7 | . . . . . . 7 . . . . . Scanalyzers . | . . . . . . . . . . . . Garrison Access . | . . . . . . . . . . . . Data Cores Recovered 2 | . . . . . . . . 1 . . 1 Used 1 | . . . . . . . . 1 . . . Hacking Detections 35 | . 3 1 . 1 9 6 . 11 4 . . Full Trace Events 6 | . . . . 1 1 1 . . 3 . . Feedback Events . | . . . . . . . . . . . . Feedback Blocked . | . . . . . . . . . . . . Robot Schematics Acquired . | . . . . . . . . . . . . Robots Built . | . . . . . . . . . . . . Authchips . | . . . . . . . . . . . . Time . | . . . . . . . . . . . . Total Robot Build Rating . | . . . . . . . . . . . . Part Schematics Acquired 3 | . . 1 . . 1 1 . . . . . Parts Built . | . . . . . . . . . . . . Authchips . | . . . . . . . . . . . . Time . | . . . . . . . . . . . . Total Part Build Rating . | . . . . . . . . . . . . Parts Repaired 1 | . . . . . 1 . . . . . . Time 51 | . . . . . 51 . . . . . . Parts Recycled . | . . . . . . . . . . . . Recycled Matter . | . . . . . . . . . . . . Retrieved Matter . | . . . . . . . . . . . . Retrieved Components . | . . . . . . . . . . . . Parts Scanalyzed 1 | . . 1 . . . . . . . . . Part Schematics Acquired 1 | . . 1 . . . . . . . . . Parts Damaged . | . . . . . . . . . . . . Bothacking | -11 -10 -9 -9 -8 -8 -8 -6 -6 -6 -6 -6 ------------ Run | Yrd Mat Mat Min Mat Sto Rec Fac Ext Cet Arc Hub Used RIF Installer . | . . . . . . . . . . . . Robots Hacked . | . . . . . . . . . . . . Non-combat . | . . . . . . . . . . . . Combat . | . . . . . . . . . . . . Robot Hacks Applied . | . . . . . . . . . . . . Relay Couplers Released 4 | . . . . . . . . . . . 4 Machine Destruction 4 | . . . . . . . . . . . 4 Fabnet Peak Effective % . | . . . . . . . . . . . . Robots Rewired . | . . . . . . . . . . . . Allies Hacked . | . . . . . . . . . . . . Hacks Repelled . | . . . . . . . . . . . . Allies | -11 -10 -9 -9 -8 -8 -8 -6 -6 -6 -6 -6 -------- Run | Yrd Mat Mat Min Mat Sto Rec Fac Ext Cet Arc Hub Total Allies 28 | . . . 2 . 10 . . 11 5 . . Largest Group 14 | . . . 2 2 10 10 10 11 14 8 6 Highest-Rated Group 859 | . . . 47 47 173 173 173 443 859 625 435 Highest-Rated Ally 159 | . . . 31 31 29 29 29 159 159 159 96 Total Orders . | . . . . . . . . . . . . Ally Attacks 349 | . . . 7 12 . 11 44 98 145 18 14 Total Damage 7518 | . . . 83 147 . 174 571 1831 3722 523 467 Kills 58 | . . . 3 2 . 3 3 17 22 3 5 Allies Corrupted 4 | . . . . . . . . . . . 4 Allies Melted . | . . . . . . . . . . . . Intel | -11 -10 -9 -9 -8 -8 -8 -6 -6 -6 -6 -6 ------- Run | Yrd Mat Mat Min Mat Sto Rec Fac Ext Cet Arc Hub Robot Analysis Total . | . . . . . . . . . . . . Derelict Logs Recovered . | . . . . . . . . . . . . Drone Launches . | . . . . . . . . . . . . Drone Recoveries . | . . . . . . . . . . . . Exploration | -11 -10 -9 -9 -8 -8 -8 -6 -6 -6 -6 -6 ------------- Run | Yrd Mat Mat Min Mat Sto Rec Fac Ext Cet Arc Hub Turns Passed 7247 | 41 206 293 249 199 1280 995 168 1621 648 393 1154 Spaces Moved 3859 | 30 126 117 174 111 471 513 78 1058 438 253 490 Core 61 | 10 . . . . 3 . . . . . 48 Treads 188 | . . . . . 188 . . . . . . Legs 3610 | 20 126 117 174 111 280 513 78 1058 438 253 442 Wheels . | . . . . . . . . . . . . Hover . | . . . . . . . . . . . . Flight . | . . . . . . . . . . . . Fastest Speed 50 | 50 120 120 120 120 120 190 120 120 120 120 50 Average Speed 146 | 96 120 122 120 121 180 190 167 125 120 120 176 Slowest Speed 650 | 120 120 190 120 190 650 190 190 190 120 120 610 Overloaded Moves . | . . . . . . . . . . . . Propulsion Burnouts . | . . . . . . . . . . . . Robots Hopped . | . . . . . . . . . . . . Cave-ins Triggered . | . . . . . . . . . . . . Exploration Rate (%) 47 | 4 27 22 27 10 70 98 2 96 78 97 43 Regions Visited 11 Branch Regions 7 Pre-discovered Areas 7 | . . . . . . 7 . . . . . Known Exits Taken 4 | . . . . . . . 1 1 1 1 . Unknown Exits Taken 7 | 1 1 1 1 1 1 1 . . . . . Scrap Searched 1 | . . . 1 . . . . . . . . Spaces Dug . | . . . . . . . . . . . . Terrain Destroyed 447 | . . . . . 41 . . 11 12 . 383 Melee . | . . . . . . . . . . . . Projectile 41 | . . . . . 3 . . . . . 38 AOE 406 | . . . . . 38 . . 11 12 . 345 Terrain Rammed . | . . . . . . . . . . . . Walls Destroyed . | . . . . . . . . . . . . Machines Disabled . | . . . . . . . . . . . . Actions | -11 -10 -9 -9 -8 -8 -8 -6 -6 -6 -6 -6 --------- Run | Yrd Mat Mat Min Mat Sto Rec Fac Ext Cet Arc Hub Total 4730 | 41 157 189 213 150 696 532 104 1210 518 287 633 Wait 188 | . 10 7 33 12 49 12 . 13 24 9 19 Move 3848 | 29 125 116 173 110 470 512 77 1057 437 252 490 Hop . | . . . . . . . . . . . . Pick Up 115 | 6 6 13 2 8 25 1 8 12 7 2 25 Fast Attach 33 | 2 . 1 . 2 4 3 2 11 8 . . Attach 62 | 4 1 6 4 2 18 . 4 3 . . 20 Detach 2 | . . . . . . . . 2 . . . Swap 56 | . . 2 1 . 12 . 1 18 10 1 11 Drop 78 | . . 1 . 3 14 3 6 27 15 2 7 Fire 346 | . 15 43 . 13 103 1 6 66 17 21 61 Melee 2 | . . . . . 1 . . 1 . . . Ram . | . . . . . . . . . . . . Kick . | . . . . . . . . . . . . Crush . | . . . . . . . . . . . . Escape Stasis . | . . . . . . . . . . . . Rewire . | . . . . . . . . . . . . Trap . | . . . . . . . . . . . . Miscellaneous . | . . . . . . . . . . . . Route ------- -11/Scrapyard -10/Materials -9/Materials -9/Mines -8/Materials -8/Storage -8/Recycling -6/Factory -6/Extension (discovered 3 exits: *Fac x2 / *Cet) -6/Cetus (discovered 3 exits: *Fac x2 / *Arc) -6/Archives (discovered 3 exits: *Fac / *Hub x2) -6/Hub_04(d) (discovered 1 exit: *Fac) History --------- Turn | Location | Event 10 | -11/Scrapyard | Discovered new exit (range 16) 42 | -11/Scrapyard | Entered Materials 185 | -10/Materials | Discovered new exit (range 10) 248 | -10/Materials | Entered another Materials area 248 | -9/Materials | Evolved 2 slots: Propulsion x2 303 | -9/Materials | Build established: Mutant 496 | -9/Materials | Discovered new exit (range 15) 540 | -9/Materials | Core integrity fell below 50% 541 | -9/Materials | Entered Mines 567 | -9/Mines | Lost 4 parts (1p2n1u) 581 | -9/Mines | Discovered new exit (range 5) 790 | -9/Mines | Entered Materials 790 | -8/Materials | Accompanied by 2 allies 790 | -8/Materials | Evolved 2 slots: Utility x2 795 | -8/Materials | Led the pair of lost Derelicts to an unsafe place 887 | -8/Materials | Discovered new exit (range 15) 989 | -8/Materials | Entered Storage 1199 | -8/Storage | Build established: Scavenger-Mutant 1340 | -8/Storage | Lost 3 parts (2n1w) 1411 | -8/Storage | System corruption reached 10% 1441 | -8/Storage | Lost 4 parts (1p2n1u) 1523 | -8/Storage | Lost 4 parts (1p1n2w) 2160 | -8/Storage | Assisted by bots powering up and referring to "LRC-V3" 2178 | -8/Storage | Repaired Imp. Medium Laser 2211 | -8/Storage | Used back door to open Recycling access 2211 | -8/Storage | Discovered new exit (range 4) 2269 | -8/Storage | Entered Recycling 2269 | -8/Recycling | Accompanied by 10 allies 2462 | -8/Recycling | Build established: Commander-Mutant 3223 | -8/Recycling | Discovered new exit (range 9) 3264 | -8/Recycling | Entered Factory 3264 | -6/Factory | Accompanied by 10 allies 3264 | -6/Factory | Evolved 4 slots: Power x1, Propulsion x1, Utility x1, Weapon x1 3267 | -6/Factory | Discovered new exit (range 14) 3290 | -6/Factory | Identified exit to Extension 3432 | -6/Factory | Entered Extension 3432 | -6/Extension | Accompanied by 6 allies 3712 | -6/Extension | Spotted B-75 Beast 3730 | -6/Extension | Allies destroyed B-75 Beast 3737 | -6/Extension | Spotted B-75 Beast 3756 | -6/Extension | Allies destroyed B-75 Beast 3782 | -6/Extension | Disrupted transfer network 3888 | -6/Extension | Build established: Scavenger-Skirmisher 3927 | -6/Extension | Discovered new exit (range 3) 3927 | -6/Extension | Identified exit to Factory 3938 | -6/Extension | Lost 4 allies 3996 | -6/Extension | Rescued A7 4087 | -6/Extension | Rescued a captive Derelict 4249 | -6/Extension | Rescued a captive Derelict 4249 | -6/Extension | Rescued a captive Derelict 4323 | -6/Extension | Rescued a captive Derelict 4633 | -6/Extension | Rescued a captive Derelict 4648 | -6/Extension | Rescued a captive Derelict 4649 | -6/Extension | Rescued a captive Derelict 4703 | -6/Extension | Rescued a captive Derelict 4781 | -6/Extension | Rescued a captive Derelict 4782 | -6/Extension | Rescued a captive Derelict 4810 | -6/Extension | Discovered exit to Factory (range 10) 4811 | -6/Extension | Discovered new exit (range 6) 4818 | -6/Extension | Identified exit to Cetus 5053 | -6/Extension | Entered Cetus 5053 | -6/Cetus | Accompanied by 11 allies (A7) 5058 | -6/Cetus | Acquired a Cetus Manufacturing Module code from A7 5070 | -6/Cetus | Spotted Cetus Guard 5070 | -6/Cetus | Spotted Cetus Guard 5074 | -6/Cetus | Spotted Cetus Guard 5075 | -6/Cetus | Spotted Cetus Guard 5083 | -6/Cetus | Destroyed Cetus Guard 5084 | -6/Cetus | Allies destroyed Cetus Guard 5088 | -6/Cetus | Allies destroyed Cetus Guard 5089 | -6/Cetus | Allies destroyed Cetus Guard 5160 | -6/Cetus | Started Cetus Manufacturing Module 5185 | -6/Cetus | Manufactured an Enhanced Grunt 5210 | -6/Cetus | Manufactured an Enhanced Grunt 5235 | -6/Cetus | Manufactured an Enhanced Grunt 5260 | -6/Cetus | Manufactured an Enhanced Grunt 5275 | -6/Cetus | Discovered new exit (range 16) 5285 | -6/Cetus | Manufactured an Enhanced Grunt 5291 | -6/Cetus | Identified exit to Archives 5328 | -6/Cetus | Spotted Cetus Guard 5328 | -6/Cetus | Spotted Cetus Guard 5329 | -6/Cetus | Spotted Cetus Guard 5329 | -6/Cetus | Spotted Cetus Guard 5341 | -6/Cetus | Allies destroyed Cetus Guard 5345 | -6/Cetus | Allies destroyed Cetus Guard 5345 | -6/Cetus | Allies destroyed Cetus Guard 5346 | -6/Cetus | Allies destroyed Cetus Guard 5354 | -6/Cetus | Found Prototype Device 5355 | -6/Cetus | Identified Exp. Thermal Shield 5357 | -6/Cetus | Discovered exit to Factory (range 15) 5376 | -6/Cetus | Met Revision 17 5379 | -6/Cetus | Lost 6 allies 5542 | -6/Cetus | Discovered exit to Factory (range 16) 5701 | -6/Cetus | Entered Archives 5701 | -6/Archives | Accompanied by 8 allies (A7) 5765 | -6/Archives | Unable to access archive contents 5769 | -6/Archives | Discovered exit to Factory (range 14) 5781 | -6/Archives | Discovered new exit (range 15) 5791 | -6/Archives | Unable to access archive contents 5803 | -6/Archives | Unable to access archive contents 5822 | -6/Archives | Unable to access archive contents 5827 | -6/Archives | Discovered new exit (range 16) 5834 | -6/Archives | Unable to access archive contents 5846 | -6/Archives | Unable to access archive contents 6032 | -6/Archives | Unable to access archive contents 6085 | -6/Archives | Identified exit to Hub_04(d) 6094 | -6/Archives | Entered Hub_04(d) 6094 | -6/Hub_04(d) | Accompanied by 6 allies 6108 | -6/Hub_04(d) | Garrison activated, responded to threat 6658 | -6/Hub_04(d) | Network Hub disabled 6658 | -6/Hub_04(d) | Network Hub disabled 6680 | -6/Hub_04(d) | Spotted Lightning 6687 | -6/Hub_04(d) | Spotted Lightning 6687 | -6/Hub_04(d) | Spotted Lightning 6708 | -6/Hub_04(d) | Garrison activated, responded to threat 6713 | -6/Hub_04(d) | System corruption reached 10% 6720 | -6/Hub_04(d) | Lost 3 allies 6741 | -6/Hub_04(d) | Destroyed Lightning 6757 | -6/Hub_04(d) | Destroyed Lightning 6770 | -6/Hub_04(d) | Lost 6 parts (2p2n1u1w) 6772 | -6/Hub_04(d) | Destroyed Lightning 6794 | -6/Hub_04(d) | First assault squad dispatched 6802 | -6/Hub_04(d) | Found Exp. Thermal Shield 6868 | -6/Hub_04(d) | Core integrity fell below 50% 6894 | -6/Hub_04(d) | Lost 6 parts (4n2w) 7003 | -6/Hub_04(d) | Lost 7 parts (2p3n2u) 7188 | -6/Hub_04(d) | Core integrity fell below 20% 7244 | -6/Hub_04(d) | Discovered exit to Factory (range 12) 7248 | -6/Hub_04(d) | Destroyed by C-17 Slicer with Blade Saw Last Messages --------------- 07224_ Dropped Imp. Deuterium Engine. 07225_ C-30 ARC bursts open, deploying its payload. 07225_ G-67 Veteran unfolds itself. 07225_ G-50 Soldier unfolds itself. 07225_ M-28 Smith unfolds itself. 07228_ Triggered EM Surge Trap. 07228_ The floor emits a surge of raw power. 07228_ System corrupted (+3). 07230_ Imp. Hacking Suite destroyed. 07230_ Critical hit (Burn: +50). 07233_ System corrupted: Heat flow error (+190). 07244_ ALERT: Suspicious intruders detected, dispatching Cutter reinforcements to area. 07244_ EXIT=FOUND: FACTORY 07245_ Slug penetrates R-10 Processor. 07246_ K-01 Serf exits Transfer Station. 07246_ T-07 Excavator exits Transfer Station. 07246_ R-10 Processor exits Transfer Station. 07247_ K-01 Serf exits Transfer Station. Map ----- +----------------------------------------------------+ | ## ""?# #??? | | ###"##?##" ?#"##"###"#### #??? | | ? ?????###?#%## #?# #??? | | ? ?????????? ## #?# #??? | | ???????????## ?# " #?# #??? | | ????????????# ?# #?# #??? | | ????????????# ?#! " #?# #??? | | ????????????#"?# #?# #??? | | ???????????? ?########## #??? | | ????????????" ?# + #??? | | ????????????" ?# " #######??? | | ???????????????# " #????????? | | ???????????????# " #????????? | | ???????????????# #????????? | | ???????????????# " !#????????? | | ???????????????# " #????????? | | ???????????????# " #????????? | | ???????????????# #????????? | | ???????????????# " #????????? | | ???????????????# " #????????? | | ???????????????# " ######???? | | ???????????????# # ####? | | ???????????#######+## """#? | | ?????# c "#? | | ?????+